 Dungeon Crawl Stone Soup version 0.28.0 (webtiles) character file.

Game seed: 18234449329010178789

57 zeram the Skirmisher (level 4, -1/40 HPs)
             Began as a Hill Orc Fighter on Feb 6, 2022.
             Slain by a jelly (3 damage)
             ... on level 3 of the Dungeon.
             The game lasted 00:01:47 (1711 turns).

zeram the Skirmisher (Hill Orc Fighter)             Turns: 1711, Time: 00:01:48

Health: -1/40      AC: -5    Str: 20    XL:     4   Next: 0%
Magic:  4/4        EV:  9    Int:  8    God:
Gold:   44         SH:  4    Dex: 10    Spells: 3/3 levels left

rFire   . . .      SeeInvis .   a - +0 war axe
rCold   . . .      Faith    .   c - +0 buckler
rNeg    . . .      Spirit   .   b - +0 scale mail
rPois   .          Reflect  .   (no helmet)
rElec   .          Harm     .   (no cloak)
rCorr   .          Rampage  .   (no gloves)
Will    +....                   (no boots)
Stlth   ..........              g - amulet of magic regeneration
HPRegen 0.13/turn               k - ring of flight
MPRegen 0.49/turn               m - ring of willpower

@: corroded, flying
A: no striking features
a: no special abilities


You were on level 3 of the Dungeon.
You visited 1 branch of the dungeon, and saw 3 of its levels.

You collected 44 gold pieces.

Inventory:

Hand Weapons
 a - a +0 war axe (weapon)
Armour
 b - a +0 scale mail (worn)
 c - a +0 buckler (worn)
Jewellery
 g - an amulet of magic regeneration (around neck)
 k - a ring of flight (left hand)
 m - a ring of willpower (right hand)
Scrolls
 e - a scroll of noise {unknown}
 f - a scroll of teleportation {unknown}
 l - a scroll of enchant armour {unknown}
 n - a scroll of identify {unknown}
Potions
 d - a potion of might
 i - a potion of attraction {unknown}
 j - a potion of berserk rage {unknown}


   Skills:
 + Level 4.2 Fighting
 + Level 4.2 Axes
 + Level 3.6 Armour
 + Level 0.3 Dodging
 + Level 3.4 Shields


You had 3 spell levels left.
You didn't know any spells.
Your spell library was empty.

Dungeon Overview and Level Annotations

Branches:
Dungeon (3/15)

Altars:

Shops:
D:2 :   D:3 ?


Message History

You have reached level 4!
HP restored.
There is an entrance to Muorgh's Magic Scroll Emporium here.
You can access your shopping list by pressing '$'.
A jelly comes into view.
Found 9 gold pieces.
The jelly quivers.
The jelly moves out of view.
Found a robe and a hunting sling.
A jelly is nearby!
A jelly is nearby!
A jelly is nearby!
You see here a scroll labelled RUUFAO MUHU.
You hit the jelly.
Your hands burn!
The jelly is lightly wounded.
The jelly barely misses you.
You hit the jelly. The acid corrodes you!
Your hands burn!
The jelly is moderately wounded.
The jelly closely misses you. The jelly hits you. The acid corrodes you!
You are splashed with acid.
You hit the jelly.
Your hands burn!
The jelly is moderately wounded.
The jelly hits you. The acid corrodes you!
You are splashed with acid.
You are too injured to fight recklessly!
You are too injured to fight recklessly!
You are too injured to fight recklessly!
You hit the jelly but do no damage.
Your hands burn!
The jelly is moderately wounded.
The jelly closely misses you.
You hit the jelly but do no damage.
Your hands burn!
* * * LOW HITPOINT WARNING * * *
The jelly is moderately wounded.
The jelly hits you.
* * * LOW HITPOINT WARNING * * *
The acid corrodes you!
You are splashed with acid!
* * * LOW HITPOINT WARNING * * *
It was a potion of flight.
You feel more buoyant. The jelly hits you.
You die...

..... #####...).
#.....$...
#......[..
#######.........
#...............
#.......?..# #
#......J#### .#
#.....@.#######..#
#.........∩(......
#............###..
#............#
#............#
###..........#
#..........#
#..........#
#<.........#


You could see a jelly.

Vanquished Creatures
  An adder (D:2)
  2 worms
  2 endoplasms (D:2)
  2 giant cockroaches (D:2)
  8 goblins
  3 hobgoblins
  2 jackals (D:1)
  A quokka (D:1)
  7 ball pythons
  5 bats (D:2)
  2 frilled lizards (D:2)
  5 rats
40 creatures vanquished.

Notes
Turn   | Place    | Note
-------+----------+-------------------------------------------
     0 | D:1      | zeram the Hill Orc Fighter began the quest for the Orb.
     0 | D:1      | Reached XP level 1. HP: 19/19 MP: 1/1
   478 | D:1      | Reached XP level 2. HP: 27/27 MP: 2/2
   814 | D:1      | Found a faded altar of an unknown god.
   860 | D:2      | Found Zaopi's Book Boutique.
   885 | D:2      | Reached XP level 3. HP: 22/33 MP: 3/3
  1582 | D:3      | Found Muorgh's Magic Scroll Emporium.
  1595 | D:3      | Reached XP level 4. HP: 27/40 MP: 4/4
  1708 | D:3      | HP: 1/40 [acid (8)]
  1711 | D:3      | Slain by a jelly

Illustrated notes

Levels and vault maps discovered:
D:1:      saegor_arrival_simple_b, layout_loops_ring, basic_ecumenical_altar
D:2:      layout_basic, serial_shops, nicolae_shop_trees
D:3:      layout_basic, serial_shops, nicolae_shop_behind_doors,
          nicolae_shop_crystal, nicolae_shop_temple_entry_statues_fountains,
          shop_statue, shop

Skill      XL: |  1  2  3 |
---------------+----------+-----
Axes           | 3 4 |  4.2
Fighting       | 4 |  4.2
Armour         | |  3.6
Dodging        | |  0.3
Shields        | |  3.4

Action                   |  1- 3 |  4- 6 || total
-------------------------+-------+-------++-------
Melee: War axe           |   102 |     5 ||   107
  Use: Potion            |       |     1 ||     1
Armor: Scale mail        |    50 |       ||    50
Dodge: Dodged            |    46 |     3 ||    49
Block: Buckler           |    19 |       ||    19
